 Dungeon Crawl Stone Soup version 0.28.0-53-g5a82cb258f (webtiles) character file.

Game seed: 8343721664124740753

40 Sin92 the Skirmisher (level 3, 0/29 HPs)
             Began as a Demonspawn Fighter on June 21, 2022.
             Slain by a goblin
             ... wielding a +0 club
             ... led by Robin
              (3 damage)
             ... on level 2 of the Dungeon.
             The game lasted 00:00:53 (1401 turns).

Sin92 the Skirmisher (Demonspawn Fighter)           Turns: 1401, Time: 00:00:54

Health: 0/29       AC: 19    Str: 16    XL:     3   Next: 30%
Magic:  3/3        EV:  9    Int:  9    God:
Gold:   25         SH:  5    Dex: 14    Spells: 2/2 levels left

rFire   . . .      SeeInvis .   a - +0 trident
rCold   . . .      Faith    .   c - +0 buckler
rNeg    . . .      Spirit   .   b - +0 scale mail
rPois   .          Reflect  .   (no helmet)
rElec   .          Harm     .   (no cloak)
rCorr   .          Rampage  .   (no gloves)
Will    .....                   (no boots)
Stlth   ..........              (no amulet)
HPRegen 0.09/turn               f - +4 ring of protection
MPRegen 0.08/turn               (no ring)

@: mighty, sanguine armoured
A: sanguine armour 2
a: no special abilities


You were on level 2 of the Dungeon.
You visited 1 branch of the dungeon, and saw 2 of its levels.

You collected 25 gold pieces.

Inventory:

Hand Weapons
 a - a +0 trident (weapon)
Armour
 b - a +0 scale mail (worn)
 c - a +0 buckler (worn)
Jewellery
 f - a +4 ring of protection (left hand)
Scrolls
 g - a scroll of teleportation {unknown}
Potions
 e - a potion of invisibility {unknown}


   Skills:
 + Level 3.2 Fighting
 * Level 2.5 Polearms
 + Level 2.9 Armour
 + Level 0.9 Dodging
 + Level 2.9 Shields


You had 2 spell levels left.
You didn't know any spells.
Your spell library was empty.

Dungeon Overview and Level Annotations

Branches:
Dungeon (2/15)

Altars:

Annotations:
D:2 Robin


Innate Abilities, Weirdness & Mutations

When seriously injured, your blood forms thick armour. (AC +9)


Message History

The goblin hits you but does no damage. x3
Robin roars a battlecry!
The goblins go into a battle-frenzy!
The hobgoblin hits you but does no damage.
You closely miss the hobgoblin. The goblin barely misses you.
The goblin hits you but does no damage. The goblin barely misses you.
The hobgoblin hits you but does no damage.
You block the goblin's attack. The goblin barely misses you.
The goblin completely misses you.
A goblin comes into view. It is wielding a +0 club.
You puncture the hobgoblin!
You kill the hobgoblin!
Robin throws the goblin at you! The goblin hits you but does no damage.
The goblin barely misses you. The goblin hits you but does no damage.
The goblin hits you with a +0 club.
You closely miss the goblin.
The goblin hits you but does no damage. x2
The goblin hits you with a +0 club. The goblin hits you but does no damage.
You puncture the goblin!
You kill the goblin!
A goblin comes into view. It is wielding a +0 club.
The goblin hits you with a +0 club.
* * * LOW HITPOINT WARNING * * *
The goblin hits you with a +0 club.
* * * LOW HITPOINT WARNING * * *
You closely miss the goblin. The goblin hits you with a +0 club.
* * * LOW HITPOINT WARNING * * *
The goblin barely misses you. The goblin hits you but does no damage.
You block the hobgoblin's attack. The goblin hits you but does no damage.
You block the goblin's attack. The goblin hits you but does no damage.
The hobgoblin hits you but does no damage.
You puncture the goblin!
You kill the goblin!
The goblin hits you with a +0 club.
* * * LOW HITPOINT WARNING * * *
The goblin hits you but does no damage. The hobgoblin barely misses you.
The goblin barely misses you.
Unknown command.
You closely miss the goblin. The goblin barely misses you.
The goblin hits you with a +0 club.
You die...

.... .... .. #... ....#
.#... ..... .....g ...#
..gg# ..# #gg##.## #.#
#g@#..## . .. #
##gg#..# #.##.####
##....# #........ # #.
###..###...#..#.. #.#.
##............# #.#.#
####.....#......#
#....##....#..##.......
#....#..#....###......#
.#.........####
#......#


You could see Robin, 2 hobgoblins and 5 goblins.

Vanquished Creatures
  An adder (D:2)
  A worm (D:2)
  2 ball pythons (D:1)
  3 bats
  An endoplasm (D:2)
  A giant cockroach (D:1)
  5 goblins
  4 hobgoblins
  3 kobolds
  2 quokkas (D:1)
  A frilled lizard (D:2)
  A rat (D:2)
25 creatures vanquished.

Notes
Turn   | Place    | Note
-------+----------+-------------------------------------------
     0 | D:1      | Sin92 the Demonspawn Fighter began the quest for the Orb.
     0 | D:1      | Reached XP level 1. HP: 18/18 MP: 1/1
   285 | D:1      | Gained mutation: When seriously injured, your blood forms
                  | armour. (AC +9) [demonic ancestry]
   285 | D:1      | Reached XP level 2. HP: 24/24 MP: 2/2
  1031 | D:2      | Gained mutation: When seriously injured, your blood forms
                  | thick armour. (AC +9) [demonic ancestry]
  1031 | D:2      | Reached XP level 3. HP: 25/29 MP: 3/3
  1383 | D:2      | Noticed Robin
  1401 | D:2      | Slain by a goblin

Illustrated notes

Levels and vault maps discovered:
D:1:      lightli_arrival_chessboard, layout_basic, minmay_misc_feat_enclosed
D:2:      layout_rooms, serial_forest, infiniplex_forest_lined_2,
          infiniplex_forest_straight_1, infiniplex_forest_lined_1,
          infiniplex_forest_straight_3, uniq_natasha, uniq_robin

Skill      XL: |  1 |
---------------+----+-----
Polearms       | 2 |  2.5
Fighting       | |  3.2
Armour         | |  2.9
Dodging        | |  0.9
Shields        | |  2.9

Action                   || total
-------------------------++-------
Melee: Trident           ||    85
  Use: Potion            ||     1
Armor: Scale mail        ||    50
Dodge: Dodged            ||    50
Block: Buckler           ||    15
